 Dungeon Crawl Stone Soup version 0.26-a0-854-gdc81c2f471 (webtiles) character file.

Game seed: 789902729036738645

37 iamoutofideas the Firebug (level 3, -5/21 HPs)
             Began as an Octopode Fire Elementalist on Nov 23, 2020.
             Killed from afar by Sigmund (6 damage)
             ... with a magic dart
             ... on level 2 of the Dungeon.
             The game lasted 00:03:50 (1833 turns).

iamoutofideas the Firebug (OpFE)                    Turns: 1833, Time: 00:03:50

Health: -5/21      AC:  1    Str:  8    XL:     3   Next: 39%
Magic:  6/6        EV: 13    Int: 17    God:
Gold:   85         SH:  0    Dex: 12    Spells: 5/6 levels left

rFire    . . .     SeeInvis .   h - +1 dagger (drain)
rCold    . . .     Faith    +   (no shield)
rNeg     . . .     Spirit   .   (helmet restricted)
rPois    .         Reflect  .   b - amulet of faith
rElec    .         Harm     .   (no ring)
rCorr    .         Rampage  .   (no ring)
MR       .....                  (no ring)
Stlth    +++.......             (no ring)
HPRegen  0.07/turn              (no ring)
MPRegen  0.10/turn              (no ring)
                                (no ring)
                                (no ring)

@: no status effects
A: almost no armour, stealthy swim, amphibious, 8 rings, constrict 8, camouflage
1, gelatinous body 1
a: no special abilities


You were on level 2 of the Dungeon.
You visited 1 branch of the dungeon, and saw 2 of its levels.

You collected 85 gold pieces.

Inventory:

Hand Weapons
 e - a +0 short sword
 h - a +1 dagger of draining (weapon)
Jewellery
 b - an amulet of faith (around mantle)
Potions
 a - a potion of flight
 d - a potion of brilliance


   Skills:
 - Level 2.0 Dodging
 + Level 3.0 Stealth
 + Level 2.4 Spellcasting
 + Level 1.3 Conjurations
 * Level 3.7 Fire Magic


You had 5 spell levels left.
You knew the following spells:

 Your Spells              Type           Power        Failure   Level
a - Foxfire               Conj/Fire      ##..         7%          1

Your spell library contained the following spells:

 Spells                   Type           Power        Failure   Level
 Conjure Flame            Conj/Fire      ##......     21%         3
 Inner Flame              Hex/Fire       #.......     26%         3
 Sticky Flame             Conj/Fire      ##......     54%         4
 Fireball                 Conj/Fire      ##........   88%         5


Dungeon Overview and Level Annotations

Branches:
Dungeon (2/15)

Altars:

Annotations:
D:2 Sigmund


Innate Abilities, Weirdness & Mutations

You cannot wear most types of armour.
You are very stealthy in the water. (Stealth+)
You are amphibious.
You can wear up to eight rings at the same time.
You can use your tentacles to constrict eight enemies at once.
Your skin changes colour to match your surroundings (Stealth+).
Your rubbery body absorbs attacks. (AC +1, EV +1)


Message History

Sigmund gestures at you while chanting. The magic dart hits you.
You see here a bat corpse.
Sigmund casts a spell at you. You resist with significant effort.
Sigmund points at you and mumbles some strange words.
The puff of flame hits you!
Ouch! That really hurt!
* * * LOW HITPOINT WARNING * * *
Okay, then.
Okay, then.
Okay, then.
Unknown command.
Okay, then.
As you read the scroll labelled AQOMNINLOEJ, it crumbles to dust.
You hear a loud clanging noise!
It was a scroll of noise.
Sigmund points at you and mumbles some strange words.
The magic dart hits you.
You die...

#### ...#
...# ...###
.....# ##.#.#
### #.#.#
###########.#
#.#.#
#...@...†@g.#
#.#.#
##.########.#
#.#.# #.# #.#
##.#.# #.#
#g# ...#.#
#.# #.#
####.# #.#
#.# #.# #†#
#.# #.# #.#
#.# #.# #.#
#.#


You could see Sigmund and a goblin.

Vanquished Creatures
  A worm (D:2)
  A dart slug (D:1)
  9 goblins (D:1)
  2 hobgoblins (D:1)
  4 bats
  3 frilled lizards
  6 kobolds
  6 rats (D:1)
32 creatures vanquished.

Vanquished Creatures (others)
  50 foxfires
50 creatures vanquished.

Grand Total: 82 creatures vanquished

Notes
Turn   | Place    | Note
-------+----------+-------------------------------------------
     0 | D:1      | iamoutofideas the Octopode Fire Elementalist began the
                  | quest for the Orb.
     0 | D:1      | Reached XP level 1. HP: 11/11 MP: 3/3
   712 | D:1      | Reached XP level 2. HP: 14/17 MP: 5/5
  1324 | D:1      | Reached XP level 3. HP: 21/21 MP: 6/6
  1824 | D:2      | Noticed Sigmund
  1831 | D:2      | HP: 1/21 [Sigmund/puff of flame (14)]
  1833 | D:2      | Killed from afar by Sigmund

Illustrated notes

Levels and vault maps discovered:
D:1:      evilmike_arrival_fibonacci_small, layout_basic, serial_park_tiny_pond
D:2:      layout_basic, nicolae_overflow_hidden_temple, uniq_sigmund

Skill      XL: |  1  2  3 |
---------------+----------+-----
Stealth        | 3 |  3.0
Dodging        | |  2.0
Spellcasting   | |  2.4
Conjurations   | |  1.3
Fire Magic     | |  3.7

Action                   || total
-------------------------++-------
Melee: Unarmed           ||    13
       Constrict         ||     6
       Short sword       ||     5
       Tentacles         ||     2
       Dagger            ||     5
 Cast: Foxfire           ||    34
  Use: Scroll            ||     5
 Stab: Sleeping          ||     4
Armor: Skin              ||     5
Dodge: Dodged            ||    26

Table legend: (Time is in decaauts)
 A = Elapsed time spent in this place.
 B = Non-inter-level travel time spent in this place.
 C = Inter-level travel time spent in this place.
 D = Time resting spent in this place.
 E = Time spent auto-exploring this place.
 F = Levels seen in this place.
 G = Mean time per level.
                   A        B        C        D        E       F      G
               +--------+--------+--------+--------+--------+-----+--------+
         Total |   1833 |   1783 |     50 |    900 |    558 |   2 |  916.5 |
       Dungeon |   1833 |   1783 |     50 |    900 |    558 |   2 |  916.5 |
               +--------+--------+--------+--------+--------+-----+--------+

Top non-repeatable levels by time:
     D:1: 1472 daAuts
     D:2: 361 daAuts
